 Dungeon Crawl Stone Soup version 0.16-a0-2757-g883b90a (webtiles) character file.

307 stonewall the Skirmisher (level 6, 0/49 HPs)
             Began as a Mummy Venom Mage on Nov 28, 2014.
             Slain by a water moccasin (6 damage)
             ... on level 3 of the Dungeon.
             The game lasted 00:09:13 (4389 turns).

stonewall the Skirmisher (Mummy Venom Mage)         Turns: 4389, Time: 00:09:14

Health: 0/49       AC:  3    Str: 11    XL:     6   Next: 16%
Magic:  13/13      EV: 10    Int: 16    God:
Gold:   104        SH:  0    Dex: 12    Spells: 2 memorised, 8 levels left

rFire  x . .     SeeInvis .     p - +0 war axe
rCold  + . .     Clarity  .     o - +0 leather armour
rNeg   + + +     SustAb   .     (no shield)
rPois  ∞         Gourm    .     (no helmet)
rElec  .         Spirit   .     (no cloak)
rCorr  .         Warding  .     (no gloves)
rMut   .         Stasis   .     (no boots)
MR     .....                    (no amulet)
Stlth  ++........               j - ring of stealth
                                i - ring of wizardry

@: not resistant to hostile enchantments, unstealthy
A: no food or potions, fire vulnerability, restore body, cold resistance 1,
negative energy resistance 3, poison resistance, torment resistance, unbreathing
a: no special abilities


You were on level 3 of the Dungeon.
You were not hungry.

You visited 1 branch of the dungeon, and saw 4 of its levels.

You collected 104 gold pieces.

Inventory:

Hand weapons
 c - a +0 short sword {i hate this game}
 p - a +0 war axe (weapon)
Missiles
 h - 8 tomahawks (quivered)
Armour
 a - a +1 robe
 o - a +0 leather armour (worn)
Jewellery
 i - a ring of wizardry (left hand)
 j - a ring of stealth (right hand)
 m - an uncursed amulet of guardian spirit
 n - an uncursed amulet of stasis
Magical devices
 k - a wand of confusion (0)
Scrolls
 d - a scroll of random uselessness
 e - 3 scrolls of identify
 f - a scroll of immolation
 g - 2 scrolls of amnesia
Books
 b - a Young Poisoner's Handbook

   Spells                             Type                      Level
   *Sting                             Conjuration/Poison           1
   Cure Poison                        Poison                       2
   *Mephitic Cloud                    Conjuration/Poison/Air       3
   Olgreb's Toxic Radiance            Poison                       4
   Venom Bolt                         Conjuration/Poison           5


   Skills:
 - Level 4.7 Fighting
 + Level 0.8 Axes
 - Level 1.5 Dodging
 - Level 1.5 Stealth
 - Level 3.8 Spellcasting
 - Level 3.2 Poison Magic


You had 8 spell levels left.
You knew the following spells:

 Your Spells              Type           Power        Failure   Level  Hunger
a - Sting                 Conj/Pois      #...         4%          1    N/A
b - Mephitic Cloud        Conj/Pois/Air  #.......     14%         3    N/A

Dungeon Overview and Level Annotations

Branches:
Dungeon (4/15)
 Temple: D:4-7

Altars:
Gozag
Sif Muna
Zin


Innate Abilities, Weirdness & Mutations

You do not eat or drink.
Your flesh is vulnerable to fire.
Your flesh is cold resistant.
You are immune to negative energy.
Your system is resistant to poisons.
You are immune to unholy pain and torment.
You can survive without breathing.


Message History

The water moccasin is lightly wounded.
The water moccasin barely misses you. The water moccasin bites you.
You slash the water moccasin!
The water moccasin is moderately wounded.
The water moccasin bites you.
The water moccasin bites you but does no damage.
You closely miss the water moccasin.
The water moccasin is moderately wounded.
The water moccasin bites you.
* * * LOW HITPOINT WARNING * * *
The water moccasin bites you.
* * * LOW HITPOINT WARNING * * *
You barely miss the water moccasin.
The water moccasin is moderately wounded.
The water moccasin closely misses you.
The water moccasin bites you but does no damage.
You closely miss the water moccasin.
The water moccasin is moderately wounded.
The water moccasin bites you.
You die...

.....####..#....#...#.#.......#
##.........###.##.###.####'####
....######........#.#.#
#.###### .##.# #####......#.#
##...<..# .##.# #...##.#.#
#.#####.# .##.# #.#.#..#.#
#.#####.# .##.######
#.#.#.##.###.#...#.# .##......#
#.#.#.##.....#.#.#.# .#######.#
#.#@#<########.#.#.# ...# #†#
#.#S......#..#.#.#.# ##.# #.#
#.....#......#.#.#.. ##.#####.#
#######.#.#.##(#.### .......†.#
#...#....#.... ...#######
############†. #### #.# #.. ###


You could see a water moccasin.

Vanquished Creatures
  An orc priest (D:3)
  An iguana (D:3)
  An orc wizard (D:3)
  Ijyb (D:2)
  4 gnolls (D:2)
  8 adders
  A worm (D:3)
  4 giant geckos
  9 orcs (D:3)
  2 ball pythons (D:1)
  8 bats
  8 hobgoblins
  8 jackals
  A quokka (D:3)
  5 giant cockroaches
  3 giant newts
  6 goblins
  6 kobolds
  10 rats
87 creatures vanquished.

Notes
Turn   | Place    | Note
--------------------------------------------------------------
     0 | D:1      | stonewall, the Mummy Venom Mage, began the quest for the Orb.
     0 | D:1      | Reached XP level 1. HP: 13/13 MP: 3/3
   336 | D:1      | Reached skill level 1 in Fighting
   474 | D:1      | Reached XP level 2. HP: 18/21 MP: 0/4
  1135 | D:2      | Found a deep blue altar of Sif Muna.
  1344 | D:2      | Reached XP level 3. HP: 27/29 MP: 0/6
  1544 | D:2      | Found a glowing silver altar of Zin.
  1545 | D:2      | Found an opulent altar of Gozag.
  1929 | D:2      | Reached XP level 4. HP: 35/35 MP: 4/8
  1955 | D:2      | Noticed Ijyb
  2142 | D:2      | Killed Ijyb
  2515 | D:2      | Learned a level 3 spell: Mephitic Cloud
  3053 | D:3      | Reached XP level 5. HP: 41/41 MP: 6/11
  3625 | D:3      | Reached skill level 4 in Fighting
  3845 | D:3      | Reached XP level 6. HP: 28/49 MP: 4/13
  4058 | D:4      | Noticed a water moccasin
  4389 | D:3      | Slain by a water moccasin

Action                   |  1- 3 |  4- 6 || total
-------------------------+-------+-------++-------
Melee: Short sword       |    80 |   108 ||   188
       War axe           |       |    11 ||    11
Throw: Tomahawk          |     5 |       ||     5
 Cast: Sting             |    39 |   112 ||   151
       Mephitic Cloud    |       |     3 ||     3
  Use: Scroll            |       |     6 ||     6
 Stab: Sleeping          |     2 |     1 ||     3
       Distracted        |     1 |       ||     1
       Confused          |       |     1 ||     1
